 Dungeon Crawl Stone Soup version 0.19-a0-376-gf780d9b (webtiles) character file.

123 mistymad the Sneak (level 4, 0/34 HPs)
             Began as a Vampire Enchanter on May 30, 2016.
             Slain by an ogre
             ... wielding a +0 giant club
              (23 damage)
             ... on level 4 of the Dungeon.
             The game lasted 00:06:16 (3352 turns).

mistymad the Sneak (Vampire Enchanter)              Turns: 3352, Time: 00:06:17

Health: 0/34       AC:  3    Str:  7    XL:     4   Next: 79%
Magic:  0/7        EV: 13    Int: 17    God:
Gold:   173        SH:  0    Dex: 15    Spells: 2 memorised, 4 levels left

rFire  . . .     SeeInvis +     j - +2 dagger (speed)
rCold  + . .     Gourm    .     b - +1 robe
rNeg   + + .     Faith    .     (no shield)
rPois  +         Spirit   .     (no helmet)
rElec  .         Dismiss  .     (no cloak)
rCorr  .         Reflect  .     (no gloves)
SustAt .         Harm     .     (no boots)
MR     .....                    (no amulet)
Stlth  +++.......               (no ring)
                                (no ring)

@: regenerating slowly, not resistant to hostile enchantments, fairly stealthy
A: fangs 3, see invisible, unbreathing
a: Bat Form


You were on level 4 of the Dungeon.
You were very thirsty.

You visited 1 branch of the dungeon, and saw 4 of its levels.

You collected 173 gold pieces.

Inventory:

Hand Weapons
 j - a +2 dagger of speed (weapon)
Armour
 b - a +1 robe (worn)
 l - a cursed +0 leather armour
Jewellery
 a - an uncursed ring of sustain attributes {unknown}
 f - a +1 ring of slaying {unknown}
 m - an uncursed ring of ice {unknown}
Scrolls
 e - 2 scrolls of enchant weapon {unknown}
 g - 2 scrolls of identify {unknown}
 h - a scroll of enchant armour {unknown}
 i - 4 scrolls of remove curse {unknown}
 k - a scroll of teleportation {unknown}
 q - a scroll of amnesia {unknown}
Potions
 d - 11 potions of blood
 n - a potion of agility {unknown}
 o - a potion of resistance {unknown}
 p - a potion of heal wounds {unknown}
 r - a potion of beneficial mutation {unknown}
Books
 c - a book of Maledictions

   Spells                             Type                      Level
   a - Corona                         Hexes                        1
   b - Ensorcelled Hibernation        Hexes/Ice                    2
   c - Confuse                        Hexes                        3
   d - Tukima's Dance                 Hexes                        3
   e - Dazzling Spray                 Conjuration/Hexes            3


   Skills:
 * Level 2.4 Fighting
 + Level 2.0 Short Blades
 + Level 2.8 Dodging
 + Level 5.3 Stealth
 + Level 2.3 Spellcasting
 + Level 4.8 Hexes


You had 4 spell levels left.
You knew the following spells:

 Your Spells              Type           Power        Failure   Level  Hunger
a - Corona                Hex            ###....      2%          1    #......
b - Ensorcelled Hibernat  Hex/Ice        ##....       14%         2    ###....


Dungeon Overview and Level Annotations

Branches:
Dungeon (4/15)
 Temple: D:4-7

Altars:
Kikubaaqudgha
Nemelex Xobeh
Okawaru
Ru
Trog


Innate Abilities, Weirdness & Mutations

You heal slowly.
You have razor-sharp teeth.
You have supernaturally acute eyesight. (SInv)
You can survive without breathing.


Message History

Confirm with . or Enter, or press ? or * to list all spells.
Aiming: Ensorcelled Hibernation
Press: ? - help, Shift-Dir - straight line, f/p - ogre
Aim: an ogre, wielding a giant club (chance to defeat MR: 41%)
The ogre resists with some effort.
You now have 1/7 mp.
The ogre misses you.
Casting: Ensorcelled Hibernation
Confirm with . or Enter, or press ? or * to list all spells.
Aiming: Ensorcelled Hibernation
Press: ? - help, Shift-Dir - straight line, f/p - ogre
Aim: an ogre, wielding a giant club (chance to defeat MR: 41%)
The ogre looks drowsy...
You now have 0/7 mp.
The ogre shouts!
The ogre hits you with a giant club!
You take 11 damage, and have 23/34 hp.
MASSIVE DAMAGE!!
You barely miss the ogre. The ogre hits you with a giant club!!
Ouch! That really hurt!
You die...

###########
##.........#
######..###.###.#
.............##.#
####......#.#.#.##
##....##......#
##......@O...#
#.###.#.###.#
##### #.# ##.##
#.# ....# ##'##
### #.# ###.#
##...## #.# ###>#
##.....## #.####
.##.###.......#
#....#
..#.##.........#
#...#.#
.....'.........+
.......#


You could see an ogre.

Vanquished Creatures
  A worker ant (D:4)
  An adder (D:3)
  3 oozes (D:3)
  2 worms
  2 dart slugs (D:2)
  2 giant geckos
  4 bats
  2 giant cockroaches (D:1)
  9 goblins
  11 hobgoblins
  7 jackals (D:3)
  2 quokkas
  3 giant newts
  7 kobolds
  5 rats
61 creatures vanquished.

Notes
Turn   | Place    | Note
--------------------------------------------------------------
     0 | D:1      | mistymad the Vampire Enchanter began the quest for the Orb.
     0 | D:1      | Reached XP level 1. HP: 13/13 MP: 3/3
   319 | D:1      | Reached XP level 2. HP: 13/20 MP: 1/5
   502 | D:1      | Learned a level 2 spell: Ensorcelled Hibernation
   830 | D:2      | Reached skill level 1 in Fighting
  1128 | D:2      | Found an iron altar of Okawaru.
  1536 | D:2      | Found a bloodstained altar of Trog.
  1577 | D:2      | Reached XP level 3. HP: 21/26 MP: 0/6
  2274 | D:3      | Found an ancient bone altar of Kikubaaqudgha.
  2290 | D:3      | Found a sparkling altar of Nemelex Xobeh.
  2631 | D:3      | Reached XP level 4. HP: 33/33 MP: 7/7
  2660 | D:3      | Reached skill level 5 in Stealth
  3076 | D:3      | Found a sacrificial altar of Ru.
  3335 | D:4      | Noticed an ogre
  3352 | D:4      | Slain by an ogre

Vault maps used:
D:1:      elethiomel_arrival_quiet, minmay_misc_feat_chi
D:2:      lemuel_crystal_altar, bloody_trog
D:3:      nicolae_ru_awakened_eye, grunt_temple_overflow_open
D:4:      first_bread, grunt_ministairs_12

Skill      XL: |  1  2  3  4 |
---------------+-------------+-----
Fighting       | 1 2 |  2.4
Stealth        | 5 |  5.3
Short Blades   | 2 |  2.0
Dodging        | |  2.8
Spellcasting   | |  2.3
Hexes          | |  4.8

Action                   |  1- 3 |  4- 6 || total
-------------------------+-------+-------++-------
Melee: Dagger            |   136 |    48 ||   184
       Bite              |     8 |     2 ||    10
 Cast: Corona            |     3 |       ||     3
       Ensorcelled Hiber |     7 |     5 ||    12
  Use: Potion            |     3 |     1 ||     4
 Stab: Sleeping          |    18 |     4 ||    22
Armor: Robe              |    24 |     7 ||    31
Dodge: Dodged            |    66 |    19 ||    85
